 Dungeon Crawl Stone Soup version 0.18.1-6-gd335043 (webtiles) character file.

2706 Mefis the Thaumaturge (level 9, 0/45 HPs)
             Began as a Deep Elf Wizard on May 20, 2016.
             Was a Follower of Sif Muna.
             Killed from afar by Britaniac's ghost (29 damage)
             ... with a stone arrow
             ... on level 6 of the Dungeon.
             The game lasted 00:33:27 (10847 turns).

Mefis the Thaumaturge (Deep Elf Wizard)            Turns: 10847, Time: 00:33:28

Health: 0/45       AC:  3    Str:  7    XL:     9   Next: 39%
Magic:  22/23      EV: 14    Int: 27    God:    Sif Muna [*.....]
Gold:   302        SH:  5    Dex: 13    Spells: 7 memorised, 9 levels left

rFire  + . .     SeeInvis .     x - +2 short sword (venom)
rCold  x . .     Gourm    .     a - +0 robe
rNeg   . . .     Faith    .     y - +1 buckler
rPois  .         Spirit   .     b - +0 hat
rElec  .         Dismiss  .     R - +0 cloak
rCorr  .         Reflect  .     (no gloves)
SustAt .         Harm     .     (no boots)
MR     .....                    (no amulet)
Stlth  +++.......               v - +3 ring of strength
                                I - ring of fire

@: not resistant to hostile enchantments, fairly stealthy
A: no striking features
a: Channel Energy, Renounce Religion


You were on level 6 of the Dungeon.
You worshipped Sif Muna.
Sif Muna was aware of your devotion.
You were near starving.

You visited 2 branches of the dungeon, and saw 7 of its levels.
You also visited: Sewer.

You collected 302 gold pieces.

Inventory:

Hand Weapons
 p - a +0 rapier
 x - a +2 short sword of venom (weapon)
 F - a +0 hunting sling
 H - a +3 dagger
 K - a +1 mace of pain
 N - a +3 shortbow
Missiles
 r - 152 arrows
 E - 21 sling bullets
 J - 8 poisoned needles
Armour
 a - a +0 robe (worn)
 b - a +0 hat (worn)
 y - a +1 buckler (worn)
 R - a +0 cloak (worn)
Magical Staves
 O - an uncursed staff of death
Jewellery
 n - an uncursed ring of positive energy
 v - a +3 ring of strength (right hand)
 I - a ring of fire (left hand)
Wands
 z - a wand of flame (14/48)
Scrolls
 f - 2 scrolls of enchant armour
 j - a scroll of teleportation {unknown}
 m - a scroll of amnesia
 o - 6 scrolls of remove curse
 q - 2 scrolls of fog
 s - a scroll of recharging {unknown}
 t - 3 scrolls of random uselessness
 L - a scroll of enchant weapon {unknown}
 M - 3 scrolls of blinking {unknown}
 Q - a scroll of immolation {unknown}
Potions
 e - a potion of agility {unknown}
 g - a potion of curing {unknown}
 h - a potion of magic {unknown}
 i - a potion of heal wounds
 u - 3 potions of degeneration {unknown}
 w - a potion of ambrosia {unknown}
 A - 2 potions of lignification {unknown}
 B - 2 potions of mutation {unknown}
 C - a potion of cancellation {unknown}
 G - a potion of might {unknown}
Books
 c - a book of Minor Magic

   Spells                             Type                      Level
   a - Magic Dart                     Conjuration                  1
   b - Blink                          Translocation                2
   c - Call Imp                       Summoning                    2
   d - Repel Missiles                 Charms/Air                   2
   e - Slow                           Hexes                        2
   f - Conjure Flame                  Conjuration/Fire             3
   g - Mephitic Cloud                 Conjuration/Poison/Air       3
Comestibles
 d - 5 bread rations
 k - 5 meat rations
 l - 4 beef jerkies


   Skills:
 + Level 5.8 Dodging
 + Level 5.4 Stealth
 - Level 3.0 Shields
 * Level 8.2 Spellcasting
 + Level 5.1 Conjurations
 * Level 5.5 Hexes
 + Level 4.6 Summonings
 - Level 1.1 Translocations
 + Level 3.7 Fire Magic
 + Level 4.1 Poison Magic


You had 9 spell levels left.
You knew the following spells:

 Your Spells              Type           Power        Failure   Level  Hunger
a - Magic Dart            Conj           ####         1%          1    None
b - Call Imp              Summ           #####...     1%          2    None
c - Blink                 Tloc           N/A          8%          2    None
d - Repel Missiles        Chrm/Air       ##....       10%         2    None
e - Mephitic Cloud        Conj/Pois/Air  ####....     6%          3    None
f - Conjure Flame         Conj/Fire      ######..     3%          3    None
g - Slow                  Hex            #####...     1%          2    None


Dungeon Overview and Level Annotations

Branches:
Dungeon (6/15)             Temple (1/1) D:6

Altars:
Ashenzari
Cheibriados
Dithmenos
Fedhas
Gozag
Kikubaaqudgha
Makhleb
Qazlal
Ru
Sif Muna
Trog
Xom
Yredelemnul
The Shining One

Annotations:
D:6 Britaniac's ghost, novice GrEE


Message History

Found a leather armour.
Found a murky orange potion.
There is an open door here.
Your crimson imp blinks!
Found 21 gold pieces, a scroll labeled BULAAWN PETIH and 2 throwing nets.
You see here 8 tomahawks.
You close the door.
Drink which item? (? for menu, Esc to quit)
Okay, then.
Drink which item? (? for menu, Esc to quit)
You feel much better.
You start resting.
Britaniac's ghost (novice Gargoyle Earth Elementalist) opens the door.
It is wielding a vorpal weapon.
You close the door.
Britaniac's ghost opens the door.
As you close the door, it creaks loudly!
Britaniac's ghost opens the door.
Britaniac's ghost gestures at you while chanting.
The stone arrow hits you!
Ouch! That really hurt!
You die...

..#
#.##.#.####..............#
..# #.##.#.#
################ ..#
#.##.#.# #........ ..#
#.##W#.# #....§..(
..###....#.#####....§§..
####
......5........#....§§§≈
#...
#.#.####.#######.....§≈?
#... #.#.#
#.......#......≈. ####
#.#.####.##5..W'@)§≈≈≈≈≈
#.#....#.##.####.....[≈$
#.####.#....# #......§§
#.# #.###### #....≈§≈≈ ..#
#.# #.....§§. ### #.#
######........ #.#
#^...#....!... #<#
#.############ #.# #.# #.#


You could see Britaniac's ghost and a friendly crimson imp.

Vanquished Creatures
  Pikel (D:4)
  Menkaure (D:5)
  Edmund (D:4)
  Duvessa (D:4)
  3 slaves (D:4)
  A necrophage (D:5)
  2 ogres (D:6)
  2 phantoms
  A centaur (D:5)
  3 giant frogs
  Dowan (D:4)
  A scorpion (D:6)
  A howler monkey (D:4)
  A crimson imp (D:6)
  A quasit (D:5)
  A jelly (D:5)
  A centaur zombie (D:4)
  A hound (D:3)
  2 orc priests (D:5)
  2 giant frog skeletons
  2 worker ants
  2 iguanas
  4 orc wizards
  Natasha (thrice) (D:2)
  2 hound zombies
  Robin (D:4)
  8 gnolls
  11 adders
  A river rat (D:6)
  A shadow imp (D:5)
  2 oozes
  An adder zombie (D:5)
  An adder skeleton (D:6)
  3 worms
  2 dart slugs
  11 giant geckos
  19 orcs
  14 giant cockroaches
  19 goblins
  9 hobgoblins
  9 jackals
  3 kobolds
  6 quokkas
  7 bats
  4 giant gecko skeletons
  13 giant newts
  7 rats
193 creatures vanquished.

Vanquished Creatures (collateral kills)
  Grinder (D:3)
  An orc (D:5)
2 creatures vanquished.

Vanquished Creatures (others)
  Sigmund (D:4)
  A centaur skeleton (D:4)
  A fungus (D:2)
  A plant (D:2)
4 creatures vanquished.

Grand Total: 199 creatures vanquished

Notes
Turn   | Place    | Note
--------------------------------------------------------------
     0 | D:1      | Mefis the Deep Elf Wizard began the quest for the Orb.
     0 | D:1      | Reached XP level 1. HP: 10/10 MP: 7/7
   411 | D:1      | Reached XP level 2. HP: 15/15 MP: 6/9
   416 | D:1      | Learned a level 2 spell: Call Imp
   419 | D:1      | Learned a level 2 spell: Blink
   422 | D:1      | Learned a level 2 spell: Repel Missiles
   568 | D:1      | Found a glowing golden altar of the Shining One.
  1366 | D:2      | Reached skill level 5 in Spellcasting
  1366 | D:2      | Reached XP level 3. HP: 19/19 MP: 4/11
  1905 | D:2      | Found a shattered altar of Ashenzari.
  1909 | D:2      | Saw a vision of the Swamp and the Snake Pit.
  1909 | D:2      | Noticed a black mamba
  1909 | D:2      | Noticed an alligator
  1909 | D:2      | Noticed an alligator
  1909 | D:2      | Noticed a black mamba
  1909 | D:2      | Noticed an alligator
  1909 | D:2      | Noticed a water moccasin
  1971 | D:2      | Reached XP level 4. HP: 24/24 MP: 11/13
  1976 | D:2      | Learned a level 3 spell: Mephitic Cloud
  1980 | D:2      | Learned a level 3 spell: Conjure Flame
  2095 | D:2      | Noticed Natasha
  2105 | D:2      | Killed Natasha
  2246 | D:2      | Noticed Natasha
  2448 | D:2      | Killed Natasha
  2564 | D:2      | Noticed Natasha
  2570 | D:2      | Killed Natasha
  2570 | D:2      | Reached XP level 5. HP: 28/28 MP: 2/14
  3188 | D:3      | Found a stormy altar of Qazlal.
  3200 | D:3      | Found a shadowy altar of Dithmenos.
  3228 | D:3      | Reached skill level 1 in Poison Magic
  3338 | D:3      | Reached skill level 1 in Fire Magic
  3836 | D:3      | Noticed Grinder
  3836 | D:3      | Paralysed by Grinder for 4 turns
  3879 | D:3      | Killed Grinder
  3879 | D:3      | Reached XP level 6. HP: 11/32 MP: 2/16
  4440 | D:3      | Reached skill level 1 in Shields
  4768 | D:4      | Noticed Edmund
  5219 | D:4      | Killed Edmund
  5219 | D:4      | Reached skill level 6 in Spellcasting
  5219 | D:4      | Reached XP level 7. HP: 28/36 MP: 9/18
  5223 | D:4      | Learned a level 2 spell: Slow
  5451 | D:4      | Noticed Pikel
  5616 | D:4      | Killed Pikel
  5616 | D:4      | Reached XP level 8. HP: 28/41 MP: 3/19
  5832 | D:4      | Noticed Sigmund
  5908 | D:4      | Killed Sigmund
  5926 | D:4      | Found a shimmering altar of Xom.
  5984 | D:4      | Noticed Robin
  6020 | D:4      | Killed Robin
  6177 | D:4      | Noticed Duvessa
  6177 | D:4      | Noticed Dowan
  6194 | D:4      | Killed Dowan
  6211 | D:4      | Killed Duvessa
  6592 | D:4      | Reached skill level 7 in Spellcasting
  6856 | D:4      | Found a shimmering altar of Xom.
  7272 | D:5      | Entered Level 5 of the Dungeon
  7295 | D:5      | Reached skill level 5 in Dodging
  7786 | D:5      | Reached skill level 5 in Stealth
  7994 | D:5      | Noticed Menkaure
  8002 | D:5      | Killed Menkaure
  8317 | D:5      | Reached XP level 9. HP: 41/41 MP: 13/22
  8364 | D:5      | Found a snail-covered altar of Cheibriados.
  8390 | D:5      | Found an ancient bone altar of Kikubaaqudgha.
  8391 | D:5      | Found a basalt altar of Yredelemnul.
  8392 | D:5      | Found a sacrificial altar of Ru.
  8393 | D:5      | Found a blossoming altar of Fedhas.
  8523 | D:6      | Found a staircase to the Ecumenical Temple.
  8532 | Temple   | Entered the Ecumenical Temple
  8536 | Temple   | Became a worshipper of Sif Muna the Loreminder
  8697 | D:6      | Found a glowing drain.
  8701 | Sewer    | Entered a sewer
  9069 | Sewer    | Reached skill level 5 in Conjurations
  9536 | D:6      | Reached skill level 8 in Spellcasting
  9860 | D:6      | Reached skill level 5 in Hexes
 10349 | D:6      | Noticed Britaniac's ghost (novice GrEE)
 10365 | D:6      | Reached * piety under Sif Muna
 10830 | D:6      | HP: 2/41 [Britaniac's ghost/stone arrow (20)]
 10847 | D:6      | Killed from afar by Britaniac's ghost

Skill      XL: |  1  2  3  4  5  6  7  8  9 |
---------------+----------------------------+-----
Stealth        | 3 4 5 |  5.4
Spellcasting   | 5 6 7 8 |  8.2
Conjurations   | 2 3 4 5 |  5.1
Dodging        | 3 4 5 |  5.8
Summonings     | 2 3 4 |  4.6
Poison Magic   | 1 2 3 4 |  4.1
Fire Magic     | 1 2 3 |  3.7
Shields        | 1 2 3 |  3.0
Hexes          | 2 4 5 |  5.5
Translocations | |  1.1

Action                   |  1- 3 |  4- 6 |  7- 9 || total
-------------------------+-------+-------+-------++-------
Melee: Short sword       |     1 |    19 |    34 ||    54
       Rapier            |     5 |    16 |       ||    21
Throw: Tomahawk          |       |       |    34 ||    34
 Cast: Magic Dart        |    86 |   135 |   367 ||   588
       Mephitic Cloud    |       |    13 |    21 ||    34
       Call Imp          |       |     7 |     5 ||    12
       Conjure Flame     |       |     1 |     9 ||    10
       Blink             |       |     3 |     1 ||     4
       Repel Missiles    |       |     1 |     1 ||     2
  Use: Scroll            |       |     1 |     4 ||     5
       Potion            |       |       |     1 ||     1
 Stab: Sleeping          |     1 |    11 |     3 ||    15
       Confused          |       |     2 |     3 ||     5
  Eat: Chunk             |     3 |    10 |    16 ||    29
Armor: Robe              |     3 |     4 |    10 ||    17
Dodge: Dodged            |    13 |    32 |    53 ||    98
       Deflected         |       |       |     6 ||     6
Block: Buckler           |       |       |     7 ||     7
